 Dungeon Crawl Stone Soup version 0.29-a0-1039-gfc20370e89 (webtiles) character file.

Game seed: 17798509723902920962

931 BritishOli the Trooper (level 7, -4/56 HPs)
             Began as a Demonspawn Fighter on Aug 15, 2022.
             Was an Initiate of Okawaru.
             Killed by nerve-wracking pain
             ... invoked by an orc priest
              (13 damage)
             ... on level 5 of the Dungeon.
             The game lasted 00:08:19 (5673 turns).

BritishOli the Trooper (Demonspawn Fighter)         Turns: 5673, Time: 00:08:19

Health: -4/56      AC: 10    Str: 19    XL:     7   Next: 86%
Magic:  7/7        EV:  9    Int:  9    God:    Okawaru [......]
Gold:   291        SH:  5    Dex: 12    Spells: 6/6 levels left

rFire   . . .      SeeInvis .   a - +0 long sword
rCold   . . .      Faith    +   c - +0 buckler
rNeg    . . .      Spirit   .   b - +0 scale mail
rPois   +          Reflect  .   (helmet restricted)
rElec   .          Harm     .   (no cloak)
rCorr   .          Rampage  .   (no gloves)
Will    .....                   w - +0 pair of boots
Stlth   ..........              B - amulet of faith
HPRegen 0.18/turn               x - ring of poison resistance
MPRegen 0.10/turn               (no ring)

@: no status effects
A: icy blue scales 1, powered by death 1, spiny 1, demonic touch 2, antennae 2
a: Renounce Religion


You were on level 5 of the Dungeon.
You worshipped Okawaru.
Okawaru was noncommittal.
You visited 2 branches of the dungeon, and saw 7 of its levels.

You collected 291 gold pieces.

Inventory:

Hand Weapons
 a - a +0 long sword (weapon)
Missiles
 E - 2 throwing nets (quivered)
Armour
 b - a +0 scale mail (worn)
 c - a +0 buckler (worn)
 v - a +2 helmet of see invisible
 w - a +0 pair of boots (worn)
Jewellery
 k - a ring of see invisible
 x - a ring of poison resistance (left hand)
 B - an amulet of faith (around neck)
 C - an amulet of magic regeneration
Wands
 z - a wand of acid (10)
Scrolls
 e - a scroll of blinking {unknown}
 g - a scroll of enchant armour {unknown}
 i - 3 scrolls of enchant weapon {unknown}
 j - a scroll of summoning {unknown}
 l - 4 scrolls of teleportation {unknown}
 n - a scroll of poison {unknown}
 u - a scroll of immolation {unknown}
 y - a scroll of fear {unknown}
 D - 2 scrolls of vulnerability {unknown}
 F - 4 scrolls of identify
Potions
 d - 5 potions of might
 f - 2 potions of lignification
 h - a potion of haste
 m - 2 potions of flight
 o - 2 potions of attraction
 p - a potion of degeneration
 q - a potion of cancellation
 r - 2 potions of curing
 s - 2 potions of magic
 t - a potion of resistance {unknown}
 A - 3 potions of heal wounds


   Skills:
 + Level 5.4 Fighting
 + Level 4.3 Long Blades
 + Level 4.8 Armour
 + Level 4.9 Shields


You had 6 spell levels left.
You didn't know any spells.
Your spell library contained the following spells:

 Spells                   Type           Power      Damage    Failure   Level
 Blink                    Tloc           0%         N/A       92%         2
 Lesser Beckoning         Tloc           0%         N/A       99%         3
 Manifold Assault         Tloc           0%         N/A       100%        5


Dungeon Overview and Level Annotations

Branches:
Dungeon (6/15)             Temple (1/1) D:4

Altars:
Ashenzari
Cheibriados
Dithmenos
Fedhas
Gozag
Hepliaklqana
Kikubaaqudgha
Makhleb
Okawaru
Qazlal
Sif Muna
Trog
Uskayaw
Vehumet
Wu Jian
Xom
Yredelemnul

Annotations:
D:3 1 runed translucent door, Crazy Yiuf, Grinder


Innate Abilities, Weirdness & Mutations

You are partially covered in icy blue scales. (AC +2)
You regenerate a little health from kills.
You are partially covered in sharp spines.
Your touch may inflict irresistible damage on your foes.
You have a pair of antennae on your head.


Message History

The orc priest invokes the aid of Beogh against you.
Beogh smites you! A mysterious force pulls you upwards.
The hatch slams shut behind you.
Reactivating autopickup.
You are too confused!
Okay, then.
You bump into the rock wall.
The orc is struck by your spines. The orc hits you but does no damage.
The orc priest hits you but does no damage.
The orc priest is struck by your spines.
The orc priest barely misses you.
You hit the orc but do no damage.
The orc is severely wounded.
The orc hits you but does no damage. The orc priest hits you with a +0 whip.
The orc priest is struck by your spines.
You kill the orc priest!
Okawaru accepts your kill.
You closely miss the orc.
The orc is severely wounded.
You feel less confused.
The orc priest calls down the wrath of Beogh upon you.
Pain shoots through your body! The orc hits you but does no damage.
The orc hits you with a +2 mace of protection.
The orc priest invokes the aid of Beogh against you.
Beogh smites you!
* * * LOW HITPOINT WARNING * * *
You closely miss the orc.
The orc is severely wounded.
The orc barely misses you.
The orc priest is struck by your spines.
The orc priest hits you but does no damage.
You hit the orc priest but do no damage.
The orc priest is severely wounded.
The orc closely misses you.
The orc priest hits you but does no damage.
You completely miss the orc priest.
The orc priest is severely wounded.
The orc priest mumbles some strange prayers to Beogh against you.
Pain shoots through your body!
You die...

......†###########+# #..##...#...
##..................##..##...##..
##....._............#.........#..
#...................#.........#..
#....⌠..............+.........#..
#...................#'#########..
##._.....#######+#..†)...........
#.....)...#...).#...............
##........#....@#...............
#.#......#...oo#...............
#.....##.####..#...............
########.####..#####........###
#....'.......#........#..
#....#.......#........#..
#....#.......#........#..
#....#.......#........#..
####.#######†#........#..


You could see an orc priest and an orc.

Vanquished Creatures
  Menkaure (D:4)
  A black bear (D:5)
  A scorpion (D:4)
  3 hounds
  3 orc priests
  A gnoll bouda (D:4)
  Terence (D:3)
  2 iguanas
  5 orc wizards
  Robin (D:3)
  5 gnolls
  8 adders
  An ufetubus (D:5)
  5 worms
  2 dart slugs (D:4)
  15 orcs
  4 bats
  4 endoplasms
  6 giant cockroaches
  17 goblins
  3 hobgoblins
  2 jackals (D:2)
  5 quokkas
  4 ball pythons
  4 frilled lizards (D:2)
  9 kobolds
  6 rats
119 creatures vanquished.

Notes
Turn   | Place    | Note
-------+----------+-------------------------------------------
     0 | D:1      | BritishOli the Demonspawn Fighter began the quest for the
                  | Orb.
     0 | D:1      | Reached XP level 1. HP: 18/18 MP: 1/1
   309 | D:1      | Gained mutation: You are partially covered in sharp spines.
                  | [demonic ancestry]
   309 | D:1      | Reached XP level 2. HP: 22/24 MP: 2/2
   999 | D:2      | Gained mutation: You regenerate a little health from kills.
                  | [demonic ancestry]
   999 | D:2      | Reached XP level 3. HP: 29/29 MP: 3/3
  1300 | D:2      | Found a shimmering altar of Xom.
  1772 | D:3      | Noticed Terence
  1785 | D:3      | Killed Terence
  1786 | D:3      | Reached XP level 4. HP: 11/36 MP: 4/4
  2156 | D:3      | Gained mutation: You are dopey. (Int -2) [potion of
                  | mutation]
  2156 | D:3      | Gained mutation: You passively dampen the noise of your
                  | surroundings. [potion of mutation]
  2742 | D:3      | Gained mutation: You are partially covered in icy blue
                  | scales. (AC +2) [demonic ancestry]
  2742 | D:3      | Reached XP level 5. HP: 42/42 MP: 5/5
  2803 | D:3      | Found a runed translucent door.
  2804 | D:3      | Noticed Crazy Yiuf
  2915 | D:3      | Noticed Robin
  2933 | D:3      | Killed Robin
  2985 | D:3      | Lost mutation: You are dopey. (Int -2) [potion of mutation]
  2985 | D:3      | Lost mutation: You passively dampen the noise of your
                  | surroundings. [potion of mutation]
  2985 | D:3      | Gained mutation: You have a pair of small antennae on your
                  | head. [potion of mutation]
  2985 | D:3      | Gained mutation: You have a pair of antennae on your head.
                  | [potion of mutation]
  3170 | D:2      | Reached skill level 4 in Fighting
  3279 | D:3      | Noticed Grinder
  3639 | D:4      | Gained mutation: Your touch may inflict minor irresistible
                  | damage on your foes. [demonic ancestry]
  3639 | D:4      | Reached XP level 6. HP: 48/48 MP: 6/6
  3699 | D:4      | Noticed Menkaure
  3708 | D:4      | Killed Menkaure
  4156 | D:4      | Found a staircase to the Ecumenical Temple.
  4205 | Temple   | Entered the Ecumenical Temple
  4581 | D:5      | Entered Level 5 of the Dungeon
  4624 | D:4      | Gained mutation: Your touch may inflict irresistible damage
                  | on your foes. [demonic ancestry]
  4624 | D:4      | Reached XP level 7. HP: 48/55 MP: 7/7
  4851 | D:5      | Reached skill level 5 in Fighting
  5106 | D:5      | Found an ornate altar of the Wu Jian Council.
  5107 | D:5      | Found an iron altar of Okawaru.
  5131 | D:5      | Became a worshipper of Warmaster Okawaru
  5160 | D:5      | Identified the +2 robe "Baacehiyw" {+Inv Str-2 SInv}
  5614 | D:6      | Identified the +10 morningstar "Kenog" {vorpal, rC+ Dex+4}
  5658 | D:6      | Noticed a komodo dragon
  5673 | D:5      | Killed from afar by an orc priest

Illustrated notes

Levels and vault maps discovered:
D:1:      ncdulo_smallfort, layout_loops_ring
D:2:      layout_loops_ring, basic_altar
D:3:      layout_loops_corners, mainiacjoe_overflow_alcove_4, st_stairs_10,
          uniq_crazy_yiuf_cottage, uniq_grinder, uniq_terence, uniq_robin
D:4:      layout_loops_ring, temple_fountains, uniq_menkaure
D:5:      layout_gridville, grunt_temple_overflow_open, st_stairs_12
D:6:      cheibrodos_two_vegetables, layout_rooms
Temple:   nicolae_temple_bog_church

Skill      XL: |  1  2  3  4  5  6  7 |
---------------+----------------------+-----
Long Blades    | 2 3 4 |  4.3
Shields        | 3 4 |  4.9
Armour         | 3 4 |  4.8
Fighting       | 4 5 |  5.4

Action                   |  1- 3 |  4- 6 |  7- 9 || total
-------------------------+-------+-------+-------++-------
Melee: Long sword        |    95 |   174 |    83 ||   352
  Use: Potion            |       |     5 |       ||     5
       Scroll            |       |       |     6 ||     6
Armor: Scale mail        |    41 |    89 |    53 ||   183
Dodge: Dodged            |    27 |    74 |    35 ||   136
Block: Buckler           |    21 |    40 |    26 ||    87

Table legend: (Time is in decaauts)
 A = Elapsed time spent in this place.
 B = Non-inter-level travel time spent in this place.
 C = Inter-level travel time spent in this place.
 D = Time resting spent in this place.
 E = Time spent auto-exploring this place.
 F = Levels seen in this place.
 G = Mean time per level.
                   A        B        C        D        E       F      G
               +--------+--------+--------+--------+--------+-----+--------+
         Total |   5787 |   5676 |    111 |   1147 |   3518 |   7 |  826.7 |
       Dungeon |   5557 |   5463 |     94 |   1147 |   3320 |   6 |  926.2 |
        Temple |    230 |    213 |     17 |      0 |    198 |   1 |  230.0 |
               +--------+--------+--------+--------+--------+-----+--------+

Top non-repeatable levels by time:
     D:2: 1400 daAuts
     D:4: 1299 daAuts
     D:3: 1206 daAuts
     D:1: 757 daAuts
     D:5: 523 daAuts
     D:6: 369 daAuts
  Temple: 230 daAuts
